 Dungeon Crawl Stone Soup version bcrawl-1.23.1 (webtiles) character file.

Game seed: 495457816456078820

561 funkygono the Cudgeler (level 7, 0/54 HPs)
             Began as a Formicid Fighter on May 28, 2020.
             Was a Follower of Okawaru.
             Succumbed to a gnoll's poison
             ... on level 4 of the Dungeon.
             The game lasted 00:07:00 (3078 turns).

funkygono the Cudgeler (Formicid Fighter)           Turns: 3078, Time: 00:07:00

Health: 0/54       AC: 12    Str: 29    XL:     7   Next: 57%
Magic:  7/7        EV:  5    Int:  9    God:    Okawaru [*.....]
Gold:   211        SH: 11    Dex: 10    Spells: 6/6 levels left

rFire    . . .     SeeInvis +   j - +2 mace (crush)
rCold    . . .     Gourm    .   c - +1 medium shield
rNeg     . . .     Faith    .   r - +0 plate armour
rPois    .         Spirit   .   (helmet unavailable)
rElec    .         Reflect  .   (no cloak)
rCorr    .         Harm     .   (no gloves)
MR       .....                  (no boots)
Stlth    ..........             (no amulet)
HPRegen  0.18/turn              h - +8 ring of strength
MPRegen  0.10/turn              (no ring)

@: lethally poisoned (0 -> -7), lightly drained
A: permanent stasis, dig shafts and tunnels, four strong arms, antennae 3
a: Dig, Shaft Self, Heroism, Renounce Religion


You were on level 4 of the Dungeon.
You worshipped Okawaru.
Okawaru was aware of your devotion.
You were very hungry.

You visited 1 branch of the dungeon, and saw 4 of its levels.

You collected 211 gold pieces.

Inventory:

Hand Weapons
 a - a +0 flail
 j - a +2 mace of crushing (weapon)
Missiles
 i - 555 stones (quivered)
Armour
 b - a +0 scale mail
 c - a +1 medium shield (worn)
 r - a +0 plate armour (worn)
Jewellery
 h - a +8 ring of strength (left hand)
Wands
 f - a wand of polymorph (4)
Scrolls
 g - a scroll of amnesia
 q - 3 scrolls of remove curse
 s - 3 scrolls of enchant weapon {unknown}
 u - 2 scrolls of blinking {unknown}
Potions
 d - a potion of might
 k - a potion of haste
 l - 2 potions of curing
 m - 2 potions of flight
 n - a potion of mutation {unknown}
 o - 2 potions of berserk rage {unknown}
 p - a potion of magic {unknown}
 t - a potion of degeneration {unknown}
 v - a potion of lignification {unknown}
Comestibles
 e - 8 rations {!d}


   Skills:
 + Level 4.2(4.1) Fighting
 + Level 5.4(5.3) Maces & Flails
 + Level 4.6(4.4) Armour
 + Level 1.2(1.1) Dodging
 + Level 1.3(1.1) Stealth
 + Level 5.3(5.2) Shields


You had 6 spell levels left.
You didn't know any spells.
Your spell library contained the following spells:

 Spells                   Type           Power        Failure   Level  Hunger
 Iskenderun's Battlesphe  Conj/Chrm      #.......     100%        5    ######.
 Iron Shot                Conj/Erth      #.........   100%        6    #######
 Poison Arrow             Conj/Pois      #.........   100%        6    #######
 Orb of Destruction       Conj           #.........   100%        7    #######
 Spellforged Servitor     Conj/Summ      #.........   100%        7    #######


Dungeon Overview and Level Annotations

Branches:
Dungeon (4/12)
 Temple: D:4-7

Altars:
Okawaru
Xom

Shops:
D:4 *

Annotations:
D:4 1 transporter, dscm's ghost, amateur OpAc


Innate Abilities, Weirdness & Mutations

You cannot be hasted, slowed, berserked, paralysed or teleported.
You can dig through walls and to a lower floor.
Your four strong arms can wield two-handed weapons with a shield.
You have a pair of large antennae on your head. (SInv)


Message History

You feel sick. The gnoll barely misses you. You block the gnoll's attack.
The gnoll sergeant hits you with a +0 trident of pain!
The gnoll sergeant blocks your attack.
The gnoll sergeant is moderately wounded.
You feel sick.
The gnoll hits you from afar with a +2 spear of venom.
The gnoll zaps a wand.
The bolt of acid hits you!
* * * LOW HITPOINT WARNING * * *
You are splashed with acid!
* * * LOW HITPOINT WARNING * * *
You block the gnoll sergeant's attack.
* * * LOW HITPOINT WARNING * * *
You feel sick.
The gnoll hits something with a +2 spear of venom.
You block the gnoll sergeant's attack.
There is an open translucent door here.
* * * LOW HITPOINT WARNING * * *
You feel sick.
The gnoll hits something but does no damage.
You die...

#.##.≈≈###.##'##.###≈≈..#
#..#.≈≈..#.#P.P#.#..≈≈..#
##+#.≈≈.##)'..{'.##.≈≈..#
.....≈≈.#g.#PgP#..#.≈≈..#
.....≈≈.##.##.##.##.≈≈..#
.....≈≈..#.#..g#)#......#
.....≈≈.©#.'.©g'.#©.....#
.....≈≈..#.#8⌠8#.#......#
###..≈≈.##.#####@##.≈≈..#
###..≈≈.#..#.:.#..#.≈≈..#
.....≈≈.##.#...#.##.≈≈..#
.....≈≈..#.#...#.#..≈≈..#
.....≈≈###.##'##.###≈≈..#
###..≈≈#...........#≈≈..#
# #..≈≈#8.###.###.8#≈≈..#
#..≈≈#.W#8###8#..#≈≈..#
##.≈≈####.....####≈≈..#


You could see a gnoll sergeant and a gnoll.

Vanquished Creatures
  2 sky beasts (D:4)
  An ogre (D:3)
  A bullfrog (D:4)
  An iguana (D:4)
  Ijyb (D:4)
  An orc wizard (D:4)
  A worker ant (D:4)
  3 adders
  2 gnolls
  An adder zombie (D:4)
  4 worms
  4 leopard geckos
  4 orcs (D:4)
  A giant cockroach (D:2)
  5 goblins
  9 hobgoblins
  4 jackals (D:3)
  2 quokkas
  3 bats
  A frilled lizard (D:1)
  4 kobolds (D:2)
  3 rats
58 creatures vanquished.

Vanquished Creatures (others)
  2 plants (D:4)
2 creatures vanquished.

Grand Total: 60 creatures vanquished

Notes
Turn   | Place    | Note
-------+----------+-------------------------------------------
     0 | D:1      | funkygono the Formicid Fighter began the quest for the Orb.
     0 | D:1      | Reached XP level 1. HP: 18/18 MP: 1/1
    88 | D:1      | Reached XP level 2. HP: 24/24 MP: 2/2
   735 | D:2      | Reached XP level 3. HP: 28/29 MP: 3/3
  1097 | D:2      | Reached XP level 4. HP: 25/35 MP: 4/4
  1292 | D:2      | Found an iron altar of Okawaru.
  1306 | D:2      | Became a worshipper of Warmaster Okawaru
  1453 | D:3      | Noticed an ogre
  1460 | D:3      | Killed an ogre
  1460 | D:3      | Reached XP level 5. HP: 42/42 MP: 5/5
  1637 | D:3      | Reached skill level 1 in Stealth
  2035 | D:4      | Noticed a bullfrog
  2045 | D:4      | Killed a bullfrog
  2045 | D:4      | Reached XP level 6. HP: 48/48 MP: 6/6
  2084 | D:4      | Found a transporter.
  2118 | D:4      | Noticed a sky beast
  2124 | D:4      | Killed a sky beast
  2124 | D:4      | Reached * piety under Okawaru
  2124 | D:4      | Reached skill level 1 in Dodging
  2124 | D:4      | Reached skill level 5 in Shields
  2124 | D:4      | Reached XP level 7. HP: 48/54 MP: 7/7
  2158 | D:4      | Found Iqiok's Assorted Antiques.
  2175 | D:4      | Found a shimmering altar of Xom.
  2177 | D:4      | Found a shimmering altar of Xom.
  2222 | D:4      | Reached skill level 5 in Maces & Flails
  2647 | D:4      | Noticed Ijyb
  2691 | D:4      | Killed Ijyb
  2945 | D:4      | Found a transporter.
  3008 | D:4      | Noticed dscm's ghost (amateur OpAc)
  3076 | D:4      | HP: 2/54 [poisoned by a gnoll]
  3078 | D:4      | Succumbed to a gnoll's poison

Skill      XL: |  1  2  3  4  5  6  7 |
---------------+----------------------+-----
Shields        | 4 5 |  5.3
Maces & Flails | 3 4 5 |  5.4
Armour         | 4 |  4.6
Stealth        | 1 |  1.3
Fighting       | 4 |  4.2
Dodging        | 1 |  1.2

Action                   |  1- 3 |  4- 6 |  7- 9 || total
-------------------------+-------+-------+-------++-------
Melee: Flail             |   102 |    52 |       ||   154
       Mace              |       |    13 |    35 ||    48
       Unarmed           |       |       |    27 ||    27
  Use: Scroll            |     4 |     4 |       ||     8
  Eat: Chunk             |     1 |     3 |     2 ||     6
Armor: Scale mail        |    31 |    13 |       ||    44
       Plate armour      |       |     8 |    13 ||    21
Dodge: Dodged            |    30 |    13 |    13 ||    56
Block: Medium shield     |    44 |    28 |    23 ||    95
